 Dungeon Crawl Stone Soup version 0.20.1-1-g8b1a95d (webtiles) character file.

16583 dohliylev the Unseen (level 12, -12/86 HPs)
             Began as a Vampire Enchanter on Dec 25, 2017.
             Was a Follower of Makhleb.
             Mangled by a fire crab (15 damage)
             ... created by the adversity of Qazlal
             ... on level 1 of the Lair of Beasts.
             The game lasted 01:10:40 (16676 turns).

dohliylev the Unseen (Vampire Enchanter)           Turns: 16676, Time: 01:10:43

Health: -12/86     AC:  7    Str:  7    XL:     12   Next: 11%
Magic:  16/16      EV: 21    Int: 21    God:    Makhleb [*.....]
Gold:   908        SH:  6    Dex: 19    Spells: 11/17 levels left

rFire    x . .     SeeInvis +   z - +4 dagger
rCold    + . .     Gourm    .   p - +0 buckler
rNeg     + . .     Faith    .   b - +0 robe
rPois    .         Spirit   .   (no helmet)
rElec    .         Reflect  .   (no cloak)
rCorr    +         Harm     .   M - +1 pair of gloves {Dex+3}
MR       +....                  k - +2 pair of boots
Stlth    ++++++....             (no amulet)
Regen    0.3/turn               o - ring of ice
MPRegen  0.2/turn               e - ring of resist corrosion

@: about to teleport
A: fangs 3, see invisible, unbreathing
a: Bat Form, Renounce Religion


You were on level 1 of the Lair of Beasts.
You worshipped Makhleb.
Makhleb was aware of your devotion.
You were not thirsty.

You visited 3 branches of the dungeon, and saw 15 of its levels.
You also visited: Bailey.

You collected 908 gold pieces.

Inventory:

Hand Weapons
 z - a +4 dagger (weapon)
 J - a +1 dagger of venom
Armour
 b - a +0 robe (worn)
 k - a +2 pair of boots (worn)
 p - a +0 buckler (worn)
 M - a +1 pair of gloves of dexterity (worn)
Jewellery
 e - a ring of resist corrosion (right hand)
 o - a ring of ice (left hand)
Wands
 C - a wand of random effects (28/48)
 K - a wand of acid (0/15)
Scrolls
 a - a scroll of magic mapping
 g - 3 scrolls of fog
 j - 2 scrolls of enchant weapon
 m - a scroll of teleportation
 v - a scroll of acquirement {unknown}
 w - 5 scrolls of amnesia
 y - a scroll of brand weapon
 A - a scroll of immolation {unknown}
 B - a scroll of recharging {unknown}
 E - a scroll of noise {unknown}
 F - 3 scrolls of remove curse
 G - a scroll of identify
 I - a scroll of random uselessness {unknown}
 L - a scroll of enchant armour {unknown}
Potions
 d - 23 potions of blood
 f - 3 potions of agility
 h - 8 potions of flight
 i - 2 potions of mutation {unknown}
 l - 5 potions of curing
 n - a potion of lignification {unknown}
 q - a potion of cancellation {unknown}
 r - 3 potions of haste
 s - a potion of invisibility {unknown}
 t - 2 potions of might {unknown}
 x - 2 potions of brilliance {unknown}
 D - a potion of ambrosia {unknown}
 N - a potion of resistance {unknown}
Books
 H - a book of Minor Magic

   Spells                             Type                      Level
   a - Magic Dart                     Conjuration                  1
   b - Blink                          Translocation                2
   c - Call Imp                       Summoning                    2
   d - Slow                           Hexes                        2
   e - Conjure Flame                  Conjuration/Fire             3
   f - Mephitic Cloud                 Conjuration/Poison/Air       3
Miscellaneous
 c - a sack of spiders
 u - a box of beasts


   Skills:
 - Level 5.0 Fighting
 - Level 8.1 Short Blades
 - Level 11.0 Dodging
 - Level 15.0 Stealth
 - Level 5.1 Shields
 - Level 3.1 Spellcasting
 - Level 9.2 Hexes
 - Level 0.2 Ice Magic
 + Level 6.3 Invocations


You had 11 spell levels left.
You knew the following spells:

 Your Spells              Type           Power        Failure   Level  Hunger
a - Corona                Hex            #####..      1%          1    None
b - Ensorcelled Hibernat  Hex/Ice        ####..       2%          2    ##.....
c - Confuse               Hex            #####...     1%          3    ###....


Dungeon Overview and Level Annotations

Branches:
Dungeon (13/15)            Temple (1/1) D:4            Lair (1/6) D:11
    Orc (0/2) D:10
 Vaults: D:13-14

Altars:
Ashenzari
Cheibriados
Dithmenos
Elyvilon
Fedhas
Gozag
Hepliaklqana
Kikubaaqudgha
Makhleb
Nemelex Xobeh
Okawaru
Qazlal
Ru
Sif Muna
Trog
Uskayaw
Vehumet
Xom
Yredelemnul
Zin
The Shining One

Shops:
D:6 !

Annotations:
D:7 Duvessa
D:11 Hylith's ghost, journeyman MiBe; Nergalle


Innate Abilities, Weirdness & Mutations

You have razor-sharp teeth.
You have supernaturally acute eyesight. (SInv)
You can survive without breathing.


Message History

Nemelex Xobeh makes you draw from the deck of Punishment.
You draw a card...
You have drawn Wrath.
Qazlal incites the elements against you!
A fire crab and a wind drake come into view.
The fire crab breathes flames at you. The blast of flame misses you.
You are engulfed in blazing flames.
As you read the scroll of teleportation, it crumbles to dust.
You feel strangely unstable.
The wind drake is engulfed in blazing flames.
The wind drake exhales a fierce blast of wind!
The fire crab is blown away by the wind.
The wind drake is engulfed in blazing flames.
The fire crab bites you!
You are engulfed in flames!!
The fire burns you terribly!
* * * LOW HITPOINT WARNING * * *
The fire crab claws you!
* * * LOW HITPOINT WARNING * * *
You are engulfed in flames!
The fire burns you terribly!
You die...

##...######
#.....P#..#
##.........#
#..........#
###..........#
#.....#......##
#....##.......#
##...#.#..รท....#
##.@..###.......#
#...t.#
##......##
##....##
#.......# #.k..##
#......## ##....#
##.....#
...##....##
#....##
#.........#
##...##
.#.......##
##...# ###......
###..###


You could see a wind drake and a fire crab.

Vanquished Creatures
  Snorg (D:13)
  Erolcha (D:10)
  Erica (D:8)
  Sonja (D:11)
  2 orc knights
  A cyclops (D:11)
  Joseph (D:7)
  A komodo dragon (D:11)
  A meliai (D:8)
  2 trolls (D:11)
  Prince Ribbit (D:8)
  8 hippogriffs
  A spriggan (D:9)
  14 yaks
  The ghost of wojtek the Skirmisher, an amateur MiFi (D:3)
  2 hungry ghosts
  Menkaure (D:7)
  2 water moccasins
  A soldier ant (D:12)
  A porcupine (Lair:1)
  A black bear (D:12)
  8 orc warriors
  4 ice beasts
  2 sky beasts
  4 phantoms
  A necrophage (D:8)
  6 ogres
  A boggart (D:9)
  7 centaurs
  A crocodile (Lair:1)
  A big kobold (D:9)
  3 bullfrogs
  A wyvern zombie (D:9)
  3 scorpions
  Dowan (D:7)
  8 killer bees
  4 wights
  3 electric eels (D:12)
  4 howler monkeys
  5 crimson imps
  2 centaur zombies
  5 jellies
  2 quasits
  A bullfrog zombie (D:7)
  6 hounds
  5 bullfrog skeletons
  7 orc priests
  6 orc wizards
  3 worker ants
  2 iguanas
  A hound skeleton (D:4)
  A howler monkey skeleton (D:7)
  3 gnolls
  12 adders
  A shadow imp (D:7)
  A white imp (D:8)
  An ooze (D:2)
  2 adder skeletons
  4 worms
  3 dart slugs
  5 leopard geckos
  40 orcs
  2 ball pythons
  4 giant cockroaches
  11 goblins
  11 hobgoblins
  9 jackals
  4 quokkas
  9 bats
  3 frilled lizards
  A jackal skeleton (D:7)
  25 kobolds
  A leopard gecko skeleton (D:6)
  A leopard gecko zombie (D:8)
  A quokka zombie (D:7)
  8 rats
315 creatures vanquished.

Vanquished Creatures (collateral kills)
  A two-headed ogre (D:9)
  Pikel (D:5)
  A slave (D:5)
  A bullfrog (D:9)
  2 wights (D:6)
  A jelly (D:9)
  An orc priest (D:9)
  A bullfrog skeleton (D:6)
  2 orcs (D:9)
11 creatures vanquished.

Vanquished Creatures (others)
  An orc warrior (D:8)
  An orc wizard (D:5)
  A quokka (D:13)
  A fungus (Lair:1)
  4 plants (D:11)
8 creatures vanquished.

Grand Total: 334 creatures vanquished

Notes
Turn   | Place    | Note
-------+----------+-------------------------------------------
     0 | D:1      | dohliylev the Vampire Enchanter began the quest for the Orb.
     0 | D:1      | Reached XP level 1. HP: 13/13 MP: 3/3
   200 | D:1      | Reached skill level 5 in Stealth
   561 | D:1      | Reached XP level 2. HP: 19/19 MP: 5/5
   565 | D:1      | Learned a level 2 spell: Ensorcelled Hibernation
   979 | D:2      | Reached skill level 6 in Stealth
  1241 | D:2      | Reached XP level 3. HP: 24/24 MP: 3/6
  1486 | D:2      | Reached skill level 7 in Stealth
  1658 | D:2      | Learned a level 3 spell: Confuse
  1670 | D:2      | Reached XP level 4. HP: 30/30 MP: 7/7
  2453 | D:3      | Reached skill level 8 in Stealth
  3362 | D:3      | Reached skill level 5 in Hexes
  3584 | D:3      | Noticed wojtek's ghost (amateur MiFi)
  3840 | D:3      | Noticed a centaur
  3846 | D:3      | Killed a centaur
  3846 | D:3      | Reached XP level 5. HP: 35/35 MP: 8/8
  3900 | D:4      | Noticed an ogre
  3901 | D:4      | Killed an ogre
  3901 | D:4      | Reached XP level 6. HP: 21/41 MP: 4/9
  3920 | D:4      | Found a staircase to the Ecumenical Temple.
  3931 | Temple   | Entered the Ecumenical Temple
  4151 | Temple   | Became a worshipper of Nemelex Xobeh the Trickster
  4216 | D:4      | Received a gift from Nemelex Xobeh
  4682 | D:4      | Reached * piety under Nemelex Xobeh
  4711 | D:4      | Received a gift from Nemelex Xobeh
  4794 | D:4      | Found an opulent altar of Gozag.
  5102 | D:5      | Entered Level 5 of the Dungeon
  5264 | D:5      | Found a sacrificial altar of Ru.
  5286 | D:5      | Reached XP level 7. HP: 41/46 MP: 7/10
  5886 | D:3      | Killed wojtek's ghost
  6383 | D:5      | Reached skill level 1 in Invocations
  6391 | D:5      | Reached XP level 8. HP: 52/52 MP: 1/11
  6594 | D:5      | Noticed Pikel
  6602 | D:5      | Killed Pikel
  7006 | D:6      | Received a gift from Nemelex Xobeh
  7019 | D:6      | Reached skill level 5 in Shields
  7285 | D:6      | Reached ** piety under Nemelex Xobeh
  7289 | D:6      | Found Caodghuo's Distillery.
  7370 | D:6      | Found a blossoming altar of Fedhas.
  7553 | D:6      | Reached skill level 5 in Dodging
  7802 | D:7      | Noticed Joseph
  8092 | D:7      | Reached skill level 1 in Fighting
  8184 | D:7      | Noticed Menkaure
  8191 | D:7      | Killed Menkaure
  8191 | D:7      | Reached XP level 9. HP: 59/59 MP: 12/12
  8445 | D:7      | Noticed Dowan
  8448 | D:7      | Noticed Duvessa
  8451 | D:7      | Killed Dowan
  8904 | D:7      | Received a gift from Nemelex Xobeh
  9212 | D:7      | Reached skill level 5 in Short Blades
  9352 | D:7      | Killed Joseph
  9538 | D:8      | You fall through a shaft for 3 floors!
  9538 | D:11     | Found a flagged portal.
  9538 | D:11     | Noticed a cyclops
  9542 | D:11     | Killed a cyclops
  9572 | D:11     | Noticed a troll
  9581 | D:11     | Killed a troll
  9606 | Bailey   | Entered a bailey
  9714 | Bailey   | Noticed an orc knight
 10055 | Bailey   | Killed an orc knight
 10055 | Bailey   | Reached XP level 10. HP: 37/73 MP: 4/13
 10690 | D:11     | Reached skill level 5 in Fighting
 10755 | D:10     | Entered Level 10 of the Dungeon
 10763 | D:10     | Noticed Erolcha
 10775 | D:10     | Killed Erolcha
 10775 | D:10     | Reached skill level 10 in Dodging
 10828 | D:9      | You fall through a shaft for 3 floors!
 10832 | D:11     | Noticed a purple ugly thing
 10832 | D:11     | Noticed Nergalle
 10832 | D:11     | Noticed Sonja
 11237 | D:12     | Noticed an orc knight
 11237 | D:12     | Noticed a brown ugly thing
 11247 | D:12     | You fall through a shaft!
 11247 | D:13     | Received a gift from Nemelex Xobeh
 11482 | D:13     | Noticed Snorg
 11493 | D:13     | Reached *** piety under Nemelex Xobeh
 11506 | D:13     | Killed Snorg
 11506 | D:13     | Reached skill level 10 in Stealth
 11641 | D:12     | Killed an orc knight
 11641 | D:12     | Reached skill level 11 in Stealth
 11784 | D:11     | Noticed Hylith's ghost (journeyman MiBe)
 11790 | D:11     | Reached XP level 11. HP: 79/79 MP: 9/14
 11937 | D:9      | Reached skill level 12 in Stealth
 12600 | D:8      | Reached skill level 13 in Stealth
 12601 | D:8      | Found a transporter.
 12609 | D:8      | Found a transporter.
 12609 | D:8      | Noticed Erica
 12611 | D:8      | Found a snail-covered altar of Cheibriados.
 12611 | D:8      | Found a white marble altar of Elyvilon.
 12611 | D:8      | Found a sacrificial altar of Ru.
 12713 | D:8      | Noticed Prince Ribbit
 13113 | D:8      | Killed Prince Ribbit
 13301 | D:8      | Killed Erica
 13301 | D:8      | Reached skill level 14 in Stealth
 13400 | D:8      | Received a gift from Nemelex Xobeh
 13757 | D:8      | Reached skill level 15 in Stealth
 14122 | D:9      | Noticed a two-headed ogre
 14125 | D:9      | Killed a two-headed ogre
 14397 | D:9      | Found a shattered altar of Ashenzari.
 14397 | D:9      | Found a shadowy altar of Dithmenos.
 14402 | D:9      | Found a basalt altar of Yredelemnul.
 14404 | D:9      | Found a burning altar of Makhleb.
 14405 | D:9      | Found a hide-covered altar of Uskayaw.
 14413 | D:9      | Fell from the grace of Nemelex Xobeh
 14413 | D:9      | Became a worshipper of Makhleb the Destroyer
 15236 | D:10     | Found a staircase to the Orcish Mines.
 16107 | D:11     | Killed Sonja
 16107 | D:11     | Reached skill level 5 in Invocations
 16207 | D:11     | Found a staircase to the Lair.
 16211 | D:11     | Reached XP level 12. HP: 86/86 MP: 13/16
 16239 | Lair:1   | Entered Level 1 of the Lair of Beasts
 16268 | Lair:1   | Reached * piety under Makhleb
 16676 | Lair:1   | HP: 3/86 [fire crab[the adversity of Qazlal] (14)]
 16676 | Lair:1   | Mangled by a fire crab

Skill      XL: |  1  2  3  4  5  6  7  8  9 10 11 12 |
---------------+-------------------------------------+-----
Stealth        | 5 6 7 8 11 15 | 15.0
Hexes          | 6 7 9 |  9.2
Shields        | 2 4 5 |  5.1
Invocations    | 1 4 5 6 |  6.3
Dodging        | 5 8 11 | 11.0
Fighting       | 1 4 5 |  5.0
Short Blades   | 2 5 8 |  8.1
Spellcasting   | 3 |  3.1
Ice Magic      | |  0.2

Action                   |  1- 3 |  4- 6 |  7- 9 | 10-12 || total
-------------------------+-------+-------+-------+-------++-------
Melee: Dagger            |    70 |   115 |   258 |   279 ||   722
       Bite              |     1 |     4 |    27 |    19 ||    51
       Unarmed           |       |       |       |     6 ||     6
Throw: Tomahawk          |       |       |    13 |       ||    13
 Cast: Corona            |     4 |     3 |     9 |     7 ||    23
       Ensorcelled Hiber |    26 |    41 |    59 |   165 ||   291
       Confuse           |       |     7 |    38 |    34 ||    79
 Abil: End Transformatio |       |     2 |     3 |     2 ||     7
       Bat Form          |       |     2 |     3 |     2 ||     7
Evoke: Deck              |       |       |    15 |    14 ||    29
       Wand              |       |       |    10 |     3 ||    13
  Use: Potion            |       |     1 |     6 |     5 ||    12
       Scroll            |       |     5 |     8 |     8 ||    21
 Stab: Sleeping          |    20 |    39 |    44 |   112 ||   215
       Confused          |       |     5 |    25 |    21 ||    51
       Distracted        |       |       |       |     1 ||     1
  Eat: Corpse            |     9 |     6 |    14 |    26 ||    55
Armor: Robe              |    29 |    23 |    21 |    21 ||    94
Dodge: Dodged            |    54 |    50 |   139 |   178 ||   421
Block: Buckler           |       |     7 |    45 |    51 ||   103
